 Dungeon Crawl Stone Soup version 0.21.1-1-g345015f (webtiles) character file.

118 Goblin1989 the Insei (level 4, -16/32 HPs)
             Began as a Demonspawn Transmuter on Mar 5, 2018.
             Was an Initiate of Ashenzari.
             Killed from afar by an adder (26 damage)
             ... with an exploding inner flame
             ... hexed by the player character
             ... on level 4 of the Dungeon.
             The game lasted 00:10:45 (4385 turns).

Goblin1989 the Insei (Demonspawn Transmuter)        Turns: 4385, Time: 00:10:47

Health: -16/32     AC:  6    Str:  8 (11) XL:     4   Next: 72%
Magic:  4/7        EV: 13    Int: 14 (15) God:    Ashenzari [......]
Gold:   62         SH:  0    Dex: 15 (18) Spells: 4/7 levels left

rFire    . . .     SeeInvis .     - Unarmed
rCold    + . .     Gourm    .   (no shield)
rNeg     . . .     Faith    .   j - +0 robe {rC+}
rPois    .         Spirit   .   (helmet restricted)
rElec    .         Reflect  .   (no cloak)
rCorr    .         Harm     .   i - +0 pair of gloves (curse)
MR       .....                  r - +0 pair of boots
Stlth    +.........             (no amulet)
HPRegen  0.10/turn              q - +5 ring of dexterity
MPRegen  0.10/turn              (no ring)

@: lethally poisoned (-16 -> -18), starving, hasted, very quick
A: antennae 1, icy blue scales 1
a: Curse Item, Renounce Religion


You were on level 4 of the Dungeon.
You worshipped Ashenzari.
Ashenzari was noncommittal.
You were starving.

You visited 1 branch of the dungeon, and saw 4 of its levels.

You collected 62 gold pieces.

Inventory:

Missiles
 a - 71 arrows
 n - 129 stones
 w - 28 sling bullets
 D - 3 javelins (quivered)
Armour
 i - a cursed +0 pair of gloves (worn)
 j - a +0 robe of cold resistance (worn)
 r - a +0 pair of boots (worn)
 E - a +0 buckler
Jewellery
 o - an uncursed ring of ice
 q - a +5 ring of dexterity (left hand)
 x - an uncursed ring of fire
Scrolls
 h - 4 scrolls of remove curse {@r2}
 m - a scroll of immolation
 p - 2 scrolls of identify {unknown}
 t - a scroll of amnesia {unknown}
 v - 2 scrolls of enchant weapon
 y - a scroll of teleportation {unknown}
 z - 2 scrolls of magic mapping {unknown}
Potions
 l - a potion of agility {unknown}
 u - 2 potions of cancellation {unknown}
 C - a potion of degeneration
Books
 c - a book of Changes

   Spells                             Type                      Level
   a - Beastly Appendage              Transmutation                1
   b - Sticks to Snakes               Transmutation                2
   c - Spider Form                    Transmutation/Poison         3
   d - Ice Form                       Ice/Transmutation            4
   e - Blade Hands                    Transmutation                5
Comestibles
 e - 7 rations


   Skills:
 + Level 1.4 Fighting
 + Level 2.1 Dodging
 * Level 4.5 Unarmed Combat
 + Level 2.2 Spellcasting
 + Level 2.0 Transmutations


You had 4 spell levels left.
You knew the following spells:

 Your Spells              Type           Power        Failure   Level  Hunger
a - Beastly Appendage     Tmut           #.....       10%         1    #......
b - Sticks to Snakes      Tmut           #.......     16%         2    ###....


Dungeon Overview and Level Annotations

Branches:
Dungeon (4/15)
 Temple: D:4-7

Altars:
Ashenzari
Cheibriados
Okawaru

Annotations:
D:4 Edmund; letownia2's ghost, amateur TeFE


Innate Abilities, Weirdness & Mutations

You have a pair of small antennae on your head.
You are partially covered in icy blue scales. (AC +2)


Message History

The adder poisons you!
You take 1 damage, and have 22/32 hp.
You feel sick. The adder bites you but does no damage.
You take 1 damage, and have 21/32 hp.
Casting: Beastly Appendage
Confirm with . or Enter, or press ? or * to list all spells.
You create a snake!
You now have 72 arrows.
You feel sick.
The orc wizard mumbles some strange words.
The orc wizard blinks!
The adder closely misses you. The adder completely misses you.
You hear a shout!
You take 1 damage, and have 20/32 hp.
You now have 5/7 mp.
The adder closely misses you.
You miss the adder.
You feel sick.
Your ball python bites the adder but does no damage.
Your ball python closely misses the adder.
The adder closely misses you.
The orc hits your ball python with a short sword.
Your ball python dies!
The adder bites you but does no damage.
You take 1 damage, and have 20/32 hp.
Casting: Sticks to Snakes
Confirm with . or Enter, or press ? or * to list all spells.
You create a snake!
You now have 71 arrows.
You are starving!
The adder bites you. The orc hits you with a short sword.
The adder closely misses you.
You take 4 damage, and have 16/32 hp.
You now have 3/7 mp.
You hit the adder but do no damage.
You feel sick. The orc hits you but does no damage.
The adder bites you but does no damage.
Your ball python bites the orc.
Your ball python grabs the orc.
Your ball python constricts the orc.
The orc priest looks satisfied for a moment.
The orc struggles to escape constriction.
You take 1 damage, and have 15/32 hp.
You hit the adder but do no damage.
You feel yourself speed up. The adder barely misses you.
Your ball python bites the orc but does no damage.
Your ball python constricts the orc.
The adder bites you but does no damage.
The orc struggles to escape constriction.
Your ball python bites the orc.
Your ball python constricts the orc.
The orc wizard hits you but does no damage.
Your ball python bites the orc but does no damage.
Your ball python constricts the orc.
The orc struggles to escape constriction.
The orc priest calls down the wrath of Beogh upon you.
Beogh smites you!
* * * LOW HITPOINT WARNING * * *
You take 11 damage, and have 4/32 hp.
MASSIVE DAMAGE!!
As you read the scroll labeled VOTZEGGAYVE, it crumbles to dust.
It is a scroll of enchant weapon.
You aren't carrying any weapons that can be enchanted.
The adder barely misses you.
The orc wizard mumbles some strange words.
The orc wizard blinks!
Your ball python bites the orc.
Your ball python constricts the orc.
The orc misses your ball python.
The orc priest calls upon Beogh to heal the orc.
The orc's wounds heal themselves!
The adder misses you.
The orc wizard mumbles some strange words.
The orc wizard blinks!
It was a potion of degeneration.
There was something very wrong with that liquid.
You feel weakened.
You feel dopey.
You feel clumsy.
* * * LOW HITPOINT WARNING * * *
You feel sick.
Your ball python barely misses the orc.
Your ball python constricts the orc.
The orc escapes!
The adder bites you but does no damage.
You take 1 damage, and have 3/32 hp.
It was a potion of curing.
You feel better. The adder bites you but does no damage.
You regained 8 hp, and now have 11/32 hp.
Unknown command.
It was a potion of haste.
You feel yourself speed up. The adder bites you.
* * * LOW HITPOINT WARNING * * *
You are poisoned.
The adder poisons you!
The orc priest barely misses your ball python.
The orc hits you but does no damage. The adder closely misses you.
Your ball python bites the orc but does no damage.
Your ball python barely misses the orc.
As you read the scroll labeled SEGA IZIUHOOW, it crumbles to dust.
The creatures around you are filled with an inner flame!
It was a scroll of immolation.
You feel sick. The orc hits you but does no damage.
The orc priest hits your ball python with a hand axe.
Your ball python explodes!
The fiery explosion engulfs the orc priest.
The orc priest explodes!
The fiery explosion engulfs the orc wizard.
The orc wizard is lightly wounded.
You feel your intelligence returning.
Your Transmutations skill increases to level 2!
The fiery explosion engulfs the orc.
The orc explodes!
The fiery explosion engulfs the adder.
The adder explodes!
The fiery explosion engulfs you!
Ouch! That really hurt!
You die...

..((......████. ...............
.. .........>.......
.....(..........█
.......(.........███ .....
............█.......█ ......
....?....$.██.██.██.██ █.....
█..........█§§█...█..█ █...█
.█..........█§§@§.....███..█
.............§§§§⌂.....█..██
.........%..§§§§§.........<█████
...........§§o█...█..........w.
███..........██.██..██........ █.
██................██........
....██..................█..██....
........................█..████..
.....§..................█..████..


You could see an orc wizard (inner flame).

Vanquished Creatures
  An orc priest (D:4)
  2 adders
  2 worms
  A dart slug (D:3)
  A leopard gecko (D:3)
  An orc (D:3)
  8 bats
  6 giant cockroaches
  5 goblins
  7 hobgoblins
  5 jackals
  3 kobolds
  A quokka (D:3)
  2 ball pythons
  3 frilled lizards
  10 rats
58 creatures vanquished.

Notes
Turn   | Place    | Note
-------+----------+-------------------------------------------
     0 | D:1      | Goblin1989 the Demonspawn Transmuter began the quest for the Orb.
     0 | D:1      | Reached XP level 1. HP: 15/15 MP: 3/3
   257 | D:1      | Reached skill level 3 in Unarmed Combat
   409 | D:1      | Gained mutation: You are partially covered in icy blue scales. (AC +2) [demonic ancestry]
   409 | D:1      | Reached XP level 2. HP: 14/21 MP: 5/5
  1246 | D:2      | Lost mutation: You have a pair of horns on your head. [demonic ancestry]
  1246 | D:2      | Lost mutation: You have a pair of small horns on your head. [demonic ancestry]
  1246 | D:2      | Gained mutation: You have a pair of small antennae on your head. [demonic ancestry]
  1246 | D:2      | Reached XP level 3. HP: 24/26 MP: 3/6
  1492 | D:2      | Reached skill level 4 in Unarmed Combat
  2294 | D:3      | Noticed a phantom
  2798 | D:2      | Learned a level 2 spell: Sticks to Snakes
  3110 | D:3      | Found a shattered altar of Ashenzari.
  3129 | D:3      | Became a worshipper of Ashenzari the Shackled
  3193 | D:3      | Reached XP level 4. HP: 17/32 MP: 7/7
  3606 | D:3      | Found a snail-covered altar of Cheibriados.
  3952 | D:4      | Noticed letownia2's ghost (amateur TeFE)
  4112 | D:4      | Found an iron altar of Okawaru.
  4127 | D:4      | Noticed Edmund
  4385 | D:4      | Killed from afar by an adder

Skill      XL: |  1  2  3  4 |
---------------+-------------+-----
Unarmed Combat | 3 4 |  4.5
Dodging        | 2 |  2.1
Transmutations | 2 |  2.0
Fighting       | |  1.4
Spellcasting   | |  2.2

Action                   |  1- 3 |  4- 6 || total
-------------------------+-------+-------++-------
Melee: Unarmed           |   209 |    41 ||   250
       Headbutt          |     3 |       ||     3
       Punch             |     1 |       ||     1
Throw: Javelin           |       |     2 ||     2
       Stone             |       |     2 ||     2
 Cast: Beastly Appendage |     2 |       ||     2
       Sticks to Snakes  |       |     2 ||     2
  Use: Potion            |       |     3 ||     3
       Scroll            |       |     2 ||     2
 Stab: Sleeping          |     3 |       ||     3
  Eat: Chunk             |     7 |     2 ||     9
Armor: Robe              |    70 |    21 ||    91
Dodge: Dodged            |   128 |    44 ||   172

Vault maps used:
D:1:      sevenhm_arrival_forest_fort_large_2
D:3:      cheibrodos_ashenzari_chains, kennysheep_slug_shrine
D:4:      okawaru_gym_becter, zin_angel, first_ration, serial_shops,
          kennysheep_mini, lemuel_statue_altar, uniq_edmund
